 Dungeon Crawl Stone Soup version 0.22-a0-469-gf26638a (webtiles) character file.

7732 galech the Basher (level 11, -1/120 HPs)
             Began as an Ogre Berserker on June 11, 2018.
             Was a High Priest of Trog.
             Slain by Sonja
             ... wielding a +1 short sword of draining
              (6 damage)
             ... on level 10 of the Dungeon.
             The game lasted 00:15:41 (10280 turns).

galech the Basher (Ogre Berserker)                 Turns: 10280, Time: 00:15:42

Health: -1/120     AC: 10    Str: 26    XL:     11   Next: 19%
Magic:  11/11      EV:  9    Int:  8    God:    Trog [*****.]
Gold:   604        SH:  0    Dex:  8    Spells: 10/10 levels left

rFire    + . .     SeeInvis +   K - +2 mace (freeze) (curse)
rCold    . . .     Gourm    .   (no shield)
rNeg     . . .     Faith    .   L - +2 robe {rF+}
rPois    .         Spirit   .   f - +2 hat
rElec    .         Reflect  .   k - +2 cloak
rCorr    +         Harm     .   (gloves unavailable)
MR       +++..                  (boots unavailable)
Stlth    +.........             y - amulet of the acrobat
HPRegen  1.30/turn              r - ring of see invisible
MPRegen  0.12/turn              E - ring of resist corrosion

@: lethally poisoned (-1 -> -1), berserk cooldown, regenerating, slowed,
extremely drained, very slow
A: large, unfitting armour, tough skin 1
a: Berserk, Trog's Hand, Brothers in Arms, Renounce Religion


You were on level 10 of the Dungeon.
You worshipped Trog.
Trog was extremely pleased with you.
You were not hungry.

You visited 1 branch of the dungeon, and saw 10 of its levels.
You also visited: Ossuary.

You collected 604 gold pieces.

Inventory:

Hand Weapons
 i - a +2 mace of protection
 K - a cursed +2 mace of freezing (weapon)
Armour
 b - a +0 animal skin
 f - a +2 hat (worn)
 k - a +2 cloak (worn)
 q - a +0 shield
 L - a +2 robe of fire resistance (worn)
Jewellery
 r - a ring of see invisible (left hand)
 y - an amulet of the acrobat (around neck)
 E - a ring of resist corrosion (right hand)
 G - an uncursed ring of wizardry {unknown}
Wands
 a - a wand of paralysis (26)
 p - a wand of scattershot (4)
 t - a wand of polymorph (9)
 H - a wand of random effects (2)
Scrolls
 g - 8 scrolls of teleportation
 h - 4 scrolls of vulnerability
 j - 2 scrolls of blinking
 o - a scroll of enchant weapon
 v - a scroll of amnesia
 x - a scroll of fog
 F - a scroll of magic mapping {unknown}
 I - a scroll of fear {unknown}
 J - 2 scrolls of enchant armour
Potions
 d - a potion of degeneration {unknown}
 e - 2 potions of brilliance {unknown}
 l - 4 potions of lignification {unknown}
 m - 3 potions of heal wounds
 n - 4 potions of curing
 s - 2 potions of magic {unknown}
 u - 2 potions of agility
 w - 2 potions of resistance
 z - 2 potions of berserk rage {unknown}
 A - 2 potions of cancellation
 B - a potion of mutation {unknown}
 C - a potion of might
 D - a potion of haste
Comestibles
 c - 15 rations


   Skills:
 + Level 11.1(0.0) Fighting
 + Level 11.2(0.0) Maces & Flails
 + Level 7.4(0.0) Dodging
 + Level 3.9(0.0) Stealth


You had 10 spell levels left.
You didn't know any spells.
Your spell library was empty.

Dungeon Overview and Level Annotations

Branches:
Dungeon (10/15)            Temple (0/1) D:6
   Lair: D:8-11         Orc: D:9-12

Altars:
Ashenzari
Cheibriados
Gozag
Kikubaaqudgha
Makhleb
Qazlal
Uskayaw
Wu Jian
Beogh

Shops:
D:4 }

Annotations:
D:10 Sonja


Innate Abilities, Weirdness & Mutations

You are too large for most types of armour.
You have tough skin. (AC +1)


Message History

* * * LOW HITPOINT WARNING * * *
Sonja hits you but does no damage.
You feel drained. Sonja hits you but does no damage.
You feel drained.
Sonja casts a spell.
Sonja blinks!
You feel sick.
You feel sick. Sonja hits you but does no damage.
You feel drained.
Sonja hits you with an uncursed short sword of draining.
* * * LOW HITPOINT WARNING * * *
You feel drained. Sonja hits you but does no damage.
You feel drained.
Found a potion of might.
Unknown command.
You completely miss Sonja.
You feel the effects of Trog's Hand fading.
You feel sick.
Sonja says, "I'm academy-trained, you know."
Sonja mumbles some strange words.
Sonja blinks!
Sonja barely misses you. Sonja closely misses you.
Sonja hits you with an uncursed short sword of draining.
You die...

#.##.##.# #.##.##.##
###.##.....#
..#.##.#####
#.#.##.#
#.#.##.#######
##.#...........
#...###.#######
#.K@(...###....
!.....#ยง###.....# #
#.#####.#...######.#
#.#.#####....#
..#####.#...(..../..
........>###.....###
....####.# #(#####
#####....# #.# #.#
#........## #.# #.#


You could see Sonja.

Vanquished Creatures
  2 two-headed ogres (D:8)
  Pikel (D:7)
  The ghost of Vajrapani the Insei, a novice OpWr of Elyvilon (D:5)
  A hornet (D:9)
  A hippogriff (D:8)
  A wyvern (D:10)
  A hungry ghost (D:8)
  Menkaure (D:6)
  A water moccasin (D:5)
  Duvessa (D:7)
  3 orc warriors
  5 phantoms
  2 ice beasts (D:9)
  A necrophage (D:9)
  A slave (D:7)
  3 sky beasts
  7 ogres
  3 centaurs
  An elf zombie (Ossuary)
  4 bullfrogs
  Dowan (D:7)
  7 killer bees
  14 wights
  2 centaur zombies (Ossuary)
  A bullfrog zombie (D:9)
  7 crimson imps
  2 hounds (D:4)
  A gnoll shaman (D:8)
  A jelly (D:8)
  5 orc wizards
  Crazy Yiuf (D:6)
  2 bullfrog skeletons
  4 orc priests (D:8)
  2 centaur skeletons
  An iguana (D:7)
  6 worker ants
  A killer bee zombie (D:7)
  A big kobold zombie (Ossuary)
  2 mummies (Ossuary)
  A worker ant zombie (D:9)
  Robin (D:4)
  3 gnolls (D:8)
  A howler monkey skeleton (D:5)
  12 adders
  3 river rats (D:6)
  2 shadow imps
  An ooze (D:5)
  4 adder skeletons
  An adder zombie (Ossuary)
  2 worms (D:6)
  4 dart slugs
  5 leopard geckos
  35 orcs
  4 giant cockroaches
  8 goblins
  9 hobgoblins
  18 jackals
  5 quokkas
  A ball python (D:3)
  7 bats
  5 frilled lizards
  2 goblin zombies (Ossuary)
  8 hobgoblin zombies (Ossuary)
  3 jackal zombies (Ossuary)
  4 kobolds
  9 kobold zombies (Ossuary)
  2 leopard gecko skeletons
  2 leopard gecko zombies (D:5)
  8 orc zombies (Ossuary)
  9 rats
  2 rat zombies (Ossuary)
283 creatures vanquished.

Vanquished Creatures (others)
  A slave (D:7)
  A worker ant (D:7)
2 creatures vanquished.

Grand Total: 285 creatures vanquished

Notes
Turn   | Place    | Note
-------+----------+-------------------------------------------
     0 | D:1      | galech the Ogre Berserker began the quest for the Orb.
     0 | D:1      | Reached XP level 1. HP: 24/24 MP: 1/1
   246 | D:1      | Reached XP level 2. HP: 24/32 MP: 2/2
   751 | D:1      | Reached XP level 3. HP: 38/40 MP: 3/3
   810 | D:1      | Reached ** piety under Trog
  1516 | D:2      | Reached XP level 4. HP: 48/49 MP: 4/4
  1714 | D:2      | Found a shattered altar of Ashenzari.
  2063 | D:3      | Found an ancient bone altar of Kikubaaqudgha.
  2145 | D:3      | Found a snail-covered altar of Cheibriados.
  2522 | D:4      | Reached XP level 5. HP: 50/55 MP: 5/5
  2523 | D:4      | Found Tyobooje's Gadget Shoppe.
  2792 | D:4      | Noticed an ogre
  2800 | D:4      | Killed an ogre
  2800 | D:4      | Reached skill level 5 in Fighting
  2899 | D:4      | Noticed a sky beast
  2926 | D:4      | Reached skill level 1 in Stealth
  2926 | D:4      | Reached XP level 6. HP: 66/66 MP: 6/6
  2953 | D:4      | Killed a sky beast
  2962 | D:4      | Reached *** piety under Trog
  2962 | D:4      | Reached skill level 5 in Maces & Flails
  3082 | D:4      | Reached XP level 7. HP: 60/74 MP: 7/7
  3239 | D:4      | Noticed Robin
  3255 | D:4      | Killed Robin
  3672 | D:5      | Entered Level 5 of the Dungeon
  3937 | D:5      | Found a burning altar of Makhleb.
  3938 | D:5      | Found a hide-covered altar of Uskayaw.
  4147 | D:5      | Noticed Vajrapani's ghost (novice OpWr)
  4183 | D:5      | Killed Vajrapani's ghost
  4183 | D:5      | Reached XP level 8. HP: 63/87 MP: 8/8
  4784 | D:6      | Reached skill level 5 in Dodging
  4824 | D:6      | Found a runed door.
  4879 | D:6      | Noticed Menkaure
  4881 | D:6      | Found a sand-covered staircase.
  4890 | D:6      | Killed Menkaure
  4902 | Ossuary  | Entered an ossuary
  5269 | Ossuary  | Reached XP level 9. HP: 80/97 MP: 9/9
  5303 | Ossuary  | Reached **** piety under Trog
  6075 | D:6      | Found a staircase to the Ecumenical Temple.
  6151 | D:6      | Noticed Crazy Yiuf
  6166 | D:6      | Killed Crazy Yiuf
  6391 | D:7      | Noticed Pikel
  6405 | D:7      | Killed Pikel
  6541 | D:7      | Found a stormy altar of Qazlal.
  6690 | D:7      | Found an ornate altar of the Wu Jian Council.
  6743 | D:7      | Noticed Dowan
  6745 | D:7      | Noticed Duvessa
  6752 | D:7      | Killed Dowan
  6771 | D:7      | Killed Duvessa
  7186 | D:8      | Reached XP level 10. HP: 99/107 MP: 10/10
  7308 | D:8      | Noticed a two-headed ogre
  7339 | D:8      | Killed a two-headed ogre
  7339 | D:8      | Reached skill level 10 in Fighting
  7756 | D:8      | Found a roughly hewn altar of Beogh.
  7775 | D:8      | Reached ***** piety under Trog
  7823 | D:8      | Reached skill level 10 in Maces & Flails
  8265 | D:8      | Noticed a two-headed ogre
  8272 | D:8      | Killed a two-headed ogre
  8747 | D:8      | Found an opulent altar of Gozag.
  9200 | D:9      | Reached XP level 11. HP: 119/119 MP: 11/11
  9901 | D:10     | Entered Level 10 of the Dungeon
 10241 | D:10     | Noticed Sonja
 10277 | D:10     | HP: 3/120 [Sonja/uncursed short sword of draining (7)]
 10280 | D:10     | Slain by Sonja

Vault maps used:
D:1:      eino_arrival_druids_welcome, minivault_14, serial_park_tiny_1
D:2:      nicolae_overflow_hidden_temple
D:3:      lemuel_crystal_altar, first_ration, cheibriados_altar_1
D:4:      serial_shops, nicolae_shop_window_shopping, uniq_robin
D:5:      gammafunk_temple_overflow_pools
D:6:      lemuel_temple_firewalk_a, enter_ossuary_1, lightli_sewer_entry_pipes,
          uniq_menkaure, uniq_crazy_yiuf_cottage
D:7:      grunt_qazlal_clouds, nicolae_overflow_crystal_walls, uniq_pikel,
          uniq_duvessa
D:8:      special_room, grunt_ogre_cave, hangedman_decor_riveting,
          nicolae_gozag_seed_capital
D:10:     david_lair_shrubbed, uniq_sonja, uniq_psyche, uniq_urug
Ossuary:  ossuary_tomb_1

Skill      XL: |  1  2  3  4  5  6  7  8  9 10 11 |
---------------+----------------------------------+-----
Maces & Flails | 3 4 5 6 7 9 10 11 | 11.2
Dodging        | 3 4 5 6 7 |  7.4
Fighting       | 5 7 8 9 10 11 | 11.1
Stealth        | 1 3 |  3.9

Action                   |  1- 3 |  4- 6 |  7- 9 | 10-12 || total
-------------------------+-------+-------+-------+-------++-------
Melee: Mace              |   158 |   143 |   501 |   450 ||  1252
       Morningstar       |       |       |    25 |       ||    25
Invok: Berserk           |     1 |     3 |     9 |     7 ||    20
       Trog's Hand       |       |     3 |     7 |     3 ||    13
  Use: Scroll            |       |       |    14 |     3 ||    17
 Stab: Sleeping          |       |     3 |     6 |     8 ||    17
  Eat: Chunk             |     3 |     8 |    20 |    20 ||    51
       Ration            |       |       |     2 |     1 ||     3
Armor: Animal skin       |    78 |    61 |   171 |   121 ||   431
       Robe              |       |       |       |    53 ||    53
Dodge: Dodged            |   118 |    86 |   275 |   278 ||   757

Table legend:
 A = Spawn XP
 B = Non-spawn XP
 C = Spawn XP percentage of total XP
 D = Spawn monster count
 E = Non-spawn monster count
 F = Spawn count percentage of total count
 G = Total turns spent on level
                    A         B        C        D         E        F      G
               +---------+---------+-------+---------+---------+-------+---------
         Total |       0 |   11047 |   0.0 |       0 |     282 |   0.0 | 10280
               +---------+---------+-------+---------+---------+-------+---------
           D:1 |       0 |      53 |   0.0 |       0 |      26 |   0.0 |  1084
           D:2 |       0 |      38 |   0.0 |       0 |      17 |   0.0 |   937
           D:3 |       0 |      37 |   0.0 |       0 |       8 |   0.0 |   388
           D:4 |       0 |     723 |   0.0 |       0 |      41 |   0.0 |  1335
           D:5 |       0 |     843 |   0.0 |       0 |      14 |   0.0 |   952
           D:6 |       0 |     914 |   0.0 |       0 |      27 |   0.0 |  1137
           D:7 |       0 |    1421 |   0.0 |       0 |      17 |   0.0 |   791
           D:8 |       0 |    4351 |   0.0 |       0 |      57 |   0.0 |  2013
           D:9 |       0 |    2116 |   0.0 |       0 |      34 |   0.0 |   756
          D:10 |       0 |     255 |   0.0 |       0 |       2 |   0.0 |   379
       Ossuary |       0 |     296 |   0.0 |       0 |      39 |   0.0 |   508
               +---------+---------+-------+---------+---------+-------+---------
